 Dungeon Crawl Stone Soup version 0.21.1-1-g345015f (webtiles) character file.

49 tidbits the Charmwright (level 3, -2/31 HPs)
             Began as a Gnoll Skald on June 18, 2018.
             Slain by a hobgoblin (3 damage)
             ... on level 1 of the Dungeon.
             The game lasted 00:03:01 (274 turns).

tidbits the Charmwright (Gnoll Skald)                Turns: 274, Time: 00:03:02

Health: -2/31      AC:  3    Str: 13    XL:     3   Next: 75%
Magic:  7/9        EV: 14    Int: 16    God:
Gold:   32         SH:  0    Dex: 14    Spells: 1/12 levels left

rFire    . . .     SeeInvis .   a - +0 hand axe
rCold    . . .     Gourm    .   (no shield)
rNeg     . . .     Faith    .   b - +0 leather armour
rPois    .         Spirit   .   (no helmet)
rElec    .         Reflect  .   (no cloak)
rCorr    .         Harm     .   (no gloves)
MR       .....                  (no boots)
Stlth    +.........             (no amulet)
HPRegen  0.10/turn              (no ring)
MPRegen  0.11/turn              (no ring)

@: infused, flying
A: distributed training, fangs 1, strong nose
a: no special abilities


You were on level 1 of the Dungeon.
You were not hungry.

You visited 1 branch of the dungeon, and saw 2 of its levels.

You collected 32 gold pieces.

Inventory:

Hand Weapons
 a - a +0 hand axe (weapon)
 j - a cursed -2 dagger
Missiles
 f - 37 bolts
 g - 15 arrows
 h - 7 javelins (quivered)
Armour
 b - a +0 leather armour (worn)
Scrolls
 k - a scroll of teleportation {unknown}
 l - a scroll of enchant armour {unknown}
Books
 d - a book of Battle

   Spells                             Type                      Level
   a - Infusion                       Charms                       1
   b - Shroud of Golubria             Charms/Translocation         2
   c - Song of Slaying                Charms                       2
   d - Spectral Weapon                Hexes/Charms                 3
   e - Regeneration                   Charms/Necromancy            3
Comestibles
 c - 2 rations


   Skills:
 + Level 4.5 Fighting
 + Level 0.9 Short Blades
 + Level 0.9 Long Blades
 + Level 4.5 Axes
 + Level 0.9 Maces & Flails
 + Level 0.9 Polearms
 + Level 0.9 Staves
 + Level 0.9 Slings
 + Level 0.9 Bows
 + Level 0.9 Crossbows
 + Level 0.9 Throwing
 + Level 2.6 Armour
 + Level 4.5 Dodging
 + Level 0.9 Stealth
 + Level 0.9 Shields
 + Level 0.9 Unarmed Combat
 + Level 5.0 Spellcasting
 + Level 0.6 Conjurations
 + Level 0.6 Hexes
 + Level 5.4 Charms
 + Level 0.6 Summonings
 + Level 0.6 Necromancy
 + Level 0.6 Translocations
 + Level 0.6 Transmutations
 + Level 0.6 Fire Magic
 + Level 0.6 Ice Magic
 + Level 0.6 Air Magic
 + Level 0.6 Earth Magic
 + Level 0.6 Poison Magic
 + Level 1.0 Invocations
 + Level 0.9 Evocations


You had one spell level left.
You knew the following spells:

 Your Spells              Type           Power        Failure   Level  Hunger
g - Shroud of Golubria    Chrm/Tloc      ##........   9%          2    #......
i - Infusion              Chrm           ###.         1%          1    None
r - Regeneration          Chrm/Necr      ##........   17%         3    ###....
w - Spectral Weapon       Hex/Chrm       ##......     17%         3    ###....
y - Song of Slaying       Chrm           ###.....     3%          2    #......


Dungeon Overview and Level Annotations

Branches:
Dungeon (2/15)

Altars:
Okawaru


Innate Abilities, Weirdness & Mutations

Your experience applies equally to all skills.
You have very sharp teeth.
Your uncanny sense of smell can sniff out nearby items.


Message History

You start memorising the spell.
You continue memorising. x2
You finish memorising.
Spell assigned to 'g'.
Memorise Regeneration, consuming 3 spell levels and leaving 4?
You start memorising the spell.
You continue memorising. x3
You finish memorising.
Spell assigned to 'r'.
Memorise Spectral Weapon, consuming 3 spell levels and leaving 1?
You start memorising the spell.
You continue memorising. x3
You finish memorising.
Spell assigned to 'w'.
Wield which item (- for none, * to show all)? (? for menu, Esc to quit)
Okay, then.
Adjust (i)tems, (s)pells, or (a)bilities?
Adjust which item? (? for menu, Esc to quit)
d - 2 rations Adjust to which letter? (? for menu, Esc to quit)
c - 2 rations;
d - a book of Battle Wield which item (- for none, * to show all)? (? for menu, Esc to quit)
c - 2 rations (in branch)
What are your orders? t - Creak!
Orders for allies: a - Attack new target. r - Retreat! s - Stop attacking. g - Guard the area. f - Follow me.
Anything else - Cancel.
You creak for attention!
You hear a shout!
A frilled lizard comes into view.
Unknown command.
You swing at nothing.
You swing at nothing.
A goblin comes into view. It is wielding an antimagic dagger.
You swing at nothing.
You swing at nothing.
Wield which item (- for none, * to show all)? (? for menu, Esc to quit)
You are now empty-handed.
Really attack barehanded? [Y]es or [N]o only, please.
Really attack barehanded?
You closely miss the frilled lizard.
The frilled lizard bites you but does no damage.
You smack the frilled lizard!
You kill the frilled lizard!
You closely miss the goblin. The goblin hits you but does no damage.
You miss the goblin. The goblin hits you but does no damage.
You hit the goblin.
You kill the goblin!
Wield which item (- for none, * to show all)? (? for menu, Esc to quit)
c - 2 rations (in branch)
You swing at nothing.
You swing at nothing.
You swing at nothing.
Your transformation is almost over.
You swing at nothing.
You swing at nothing.
You swing at nothing.
You swing at nothing.
You swing at nothing.
You swing at nothing.
You feel less wooden.
Your +0 leather armour unmelds from your body.
Wield which item (- for none, * to show all)? (? for menu, Esc to quit)
Okay, then.
Things that are here:
an antimagic dagger; a goblin corpse
There is a stone staircase leading down here.
Things that are here:
a short sword; a ring mail
There is a stone staircase leading down here.
You climb downwards.
A worm comes into view.
The hobgoblin hits you but does no damage.
The kobold closely misses you. The hobgoblin closely misses you.
The kobold hits you with a short sword.
There is a stone staircase leading up, spattered with blood here.
The hobgoblin misses you. The kobold misses you.
The gnoll hits you from afar with a halberd!
* * * LOW HITPOINT WARNING * * *
You climb upwards.
There is a stone staircase leading down here.
Unknown command.
Casting: Infusion
Confirm with . or Enter, or press ? or * to list all spells.
You begin infusing your attacks with magical energy.
The hobgoblin hits you but does no damage.
The kobold hits you with a short sword.
* * * LOW HITPOINT WARNING * * *
Really attack while wielding your 2 rations? [Y]es or [N]o only, please.
Really attack while wielding your 2 rations?
Okay, then.
Wield which item (- for none, * to show all)? (? for menu, Esc to quit)
a - a +0 hand axe (weapon)
It was a potion of flight.
You feel very buoyant.
You fly up into the air.
The hobgoblin hits you.
* * * LOW HITPOINT WARNING * * *
The kobold hits you but does no damage.
Unknown command.
You hit the hobgoblin.
The hobgoblin is almost dead.
You closely miss the kobold. The hobgoblin hits you.
You die...

#.# #....... #.# ######## #####.
#.## #### .......####..###.##
###... ................#
####...## #....#####.###.##
#....#..# #.#.######.#
.####...#.#.. ##
##.#.......[###.......#...#.
..#.#...#.....g@K....#####.....#
#...#...#.#####)##....#.......$.
##..#...#.## #.# .##..#........
.#..........# #.# .##..#....<...
..........).# #.# .#..#.........
#...(.......# #.# .#.#####.....#
.........#### #.# .#......#...#.
#........# #.# .#####...#.#..
#.####...# #.. ......#...


You could see a hobgoblin and a kobold.

Vanquished Creatures
  Terence (D:1)
  A worm (D:2)
  A dart slug (D:1)
  2 bats (D:1)
  2 goblins (D:1)
  4 hobgoblins (D:1)
  2 kobolds (D:1)
  2 ball pythons (D:1)
  3 frilled lizards (D:1)
  A rat (D:1)
19 creatures vanquished.

Vanquished Creatures (others)
  A kobold (D:1)
1 creature vanquished.

Grand Total: 20 creatures vanquished

Notes
Turn   | Place    | Note
-------+----------+-------------------------------------------
     0 | D:1      | tidbits the Gnoll Skald began the quest for the Orb.
     0 | D:1      | Reached XP level 1. HP: 20/20 MP: 6/6
    65 | D:2      | Noticed Terence
    83 | D:1      | Reached XP level 2. HP: 14/26 MP: 2/7
   130 | D:1      | Found an iron altar of Okawaru.
   226 | D:1      | Killed Terence
   226 | D:1      | Reached skill level 5 in Spellcasting
   226 | D:1      | Reached skill level 1 in Invocations
   226 | D:1      | Reached XP level 3. HP: 24/31 MP: 3/9
   230 | D:1      | Learned a level 2 spell: Song of Slaying
   233 | D:1      | Learned a level 2 spell: Shroud of Golubria
   237 | D:1      | Learned a level 3 spell: Regeneration
   241 | D:1      | Learned a level 3 spell: Spectral Weapon
   271 | D:1      | HP: 3/31 [kobold/short sword (6)]
   273 | D:1      | HP: 1/31 [hobgoblin (2)]
   274 | D:1      | Slain by a hobgoblin

Skill      XL: |  1  2 |
---------------+-------+-----
Spellcasting   | 5 |  5.0
Invocations    | 1 |  1.0
Fighting       | |  4.5
Short Blades   | |  0.9
Long Blades    | |  0.9
Axes           | |  4.5
Maces & Flails | |  0.9
Polearms       | |  0.9
Staves         | |  0.9
Slings         | |  0.9
Bows           | |  0.9
Crossbows      | |  0.9
Throwing       | |  0.9
Armour         | |  2.6
Dodging        | |  4.5
Stealth        | |  0.9
Shields        | |  0.9
Unarmed Combat | |  0.9
Conjurations   | |  0.6
Hexes          | |  0.6
Charms         | |  5.4
Summonings     | |  0.6
Necromancy     | |  0.6
Translocations | |  0.6
Transmutations | |  0.6
Fire Magic     | |  0.6
Ice Magic      | |  0.6
Air Magic      | |  0.6
Earth Magic    | |  0.6
Poison Magic   | |  0.6
Evocations     | |  0.9

Action                   || total
-------------------------++-------
Melee: Hand axe          ||    33
       Bite              ||     3
       Unarmed           ||    19
 Cast: Infusion          ||     6
  Use: Potion            ||     2
Armor: Leather armour    ||    13
       Skin              ||    12
Dodge: Dodged            ||    35

Table legend:
 A = Turns spent in this place as a percentage of turns spent in the entire game.
 B = Non-inter-level travel turns spent in this place as a percentage of non-inter-level travel turns spent in the entire game.
 C = Inter-level travel turns spent in this place as a percentage of turns spent in this place.
 D = Turns resting spent in this place as a percentage of non-inter-level travel turns spent in this place.
 E = Turns spent auto-exploring this place as a percentage of non-inter-level travel turns spent in this place.
 F = Non-inter-level travel turns spent in this place divided by the number of levels of this place that you've seen.
                   A       B       C       D       E      F
               +-------+-------+-------+-------+-------+----------------------
         Total | 100.0 | 100.0 |   0.0 |   0.0 |   0.0 | 137.0
       Dungeon | 100.0 | 100.0 |   0.0 |   0.0 |   0.0 | 137.0
               +-------+-------+-------+-------+-------+----------------------

Table legend:
 A = Kills in this place as a percentage of kills in entire the game.
 B = Kills by you in this place as a percentage of kills by you in the entire game.
 C = Kills by friends in this place as a percentage of kills by friends in the entire game.
 D = Other kills in this place as a percentage of other kills in the entire game.
 E = Experience gained in this place as a percentage of experience gained in the entire game.
 F = Experience gained in this place divided by the number of levels of this place that you have seen.
                   A       B       C       D       E      F
               +-------+-------+-------+-------+-------+----------------------
         Total | 100.0 | 100.0 |   N/A |   N/A | 100.0 |  35.0
       Dungeon | 100.0 | 100.0 |   N/A |   N/A | 100.0 |  35.0
               +-------+-------+-------+-------+-------+----------------------

Vault maps used:
D:1:      scummos_arrival_star, serial_park_tiny_pond, minmay_misc_feat_tower,
          okawaru_ov_weapons_minmay
D:2:      first_ration, uniq_terence
